AoeStats
← Shredded_Pork

Black Forest

508871659Analyzed
4v4 RM · 7d ago on Sep 24, 2026· 45m 37s· 8 players
Game mode
Random Map
Map size
Large (8 player)
Population
200
Speed
Normal
Resources
Standard
Victory
Conquest
Starting age
Dark Age
Ending age
Imperial Age
RankedLock teamsTeams togetherTeam positionsShared explorationLock speedFull tech treeHidden civsTurbo modeCheats
Victory
Defeat
🇷🇺 Huns · Russia
826
+11
🇨🇳 Persians · China
779
+13
🇮🇳 Magyars · India
748
+14
🇨🇳 Byzantines · China
747
+14
🇺🇸 Wei · United States
767
-16
🇬🇧 Poles · United Kingdom
702
-13
🇫🇷 Lithuanians · France
687
-30
🇹🇷 Persians · Türkiye
657
-11
Cypress Fever
0:29 Loom
14:22 Feudal Age
15:42 Horse Collar
17:18 Wheelbarrow
22:17 Gold Mining
22:20 Stone Mining
26:54 Castle Age
29:48 Hand Cart
29:37 Heavy Plow
29:26 Double-Bit Axe
39:20 Imperial Age
39:39 Pikeman
kdobbyd
8:42 Loom
15:17 Feudal Age
16:26 Horse Collar
16:35 Double-Bit Axe
23:01 Castle Age
22:30 Gold Mining
22:30 Stone Mining
22:56 Bloodlines
23:27 Wheelbarrow
25:42 Heavy Plow
25:56 Bow Saw
30:17 Hand Cart
36:41 Imperial Age
Lukhart
6:06 Loom
13:45 Feudal Age
15:34 Wheelbarrow
15:54 Double-Bit Axe
15:52 Horse Collar
20:10 Castle Age
19:11 Gold Mining
23:36 Hand Cart
28:24 Bloodlines
31:51 Pikeman
37:16 Forging
37:08 Scale Mail Armor
43:13 Imperial Age
41:33 Scale Barding Armor
43:19 Halberdier
Yolgezer442
0:30 Loom
15:21 Feudal Age
16:37 Wheelbarrow
15:46 Fishing Lines
15:54 Double-Bit Axe
17:01 Horse Collar
23:55 Castle Age
24:05 Stone Mining
25:42 Bow Saw
26:23 Gillnets
27:27 Stone Shaft Mining
27:05 Heavy Plow
28:55 Town Watch
29:25 Hand Cart
30:24 Gold Mining
32:16 Gold Shaft Mining
37:30 Imperial Age
35:03 Squires
34:23 Pikeman
34:49 Gambesons
34:50 Arson
36:24 Fletching
36:53 Kamandaran
37:49 Forging
37:40 Scale Mail Armor
37:36 Bodkin Arrow
41:57 Two-Man Saw
41:39 Conscription
41:30 Citadels
42:09 Iron Casting
41:40 Scale Barding Armor
yuannnnnnnnnnn
14:03 Feudal Age
12:24 Loom
19:35 Horse Collar
19:47 Double-Bit Axe
22:11 Castle Age
24:14 Husbandry
25:01 Gold Mining
25:02 Stone Mining
31:24 Wheelbarrow
31:56 Gold Shaft Mining
31:57 Stone Shaft Mining
32:09 Heavy Plow
36:18 Hand Cart
37:28 Forging
48:04 Imperial Age
Shredded_Pork
10:39 Feudal Age
11:16 Double-Bit Axe
11:53 Horse Collar
21:12 Castle Age
22:34 Heavy Plow
22:48 Bow Saw
24:03 Gold Mining
24:04 Stone Mining
32:30 Imperial Age
32:01 Wheelbarrow
32:04 Stone Shaft Mining
32:05 Gold Shaft Mining
31:37 Scale Mail Armor
31:48 Forging
31:30 Fletching
32:05 Ballistics
32:54 Chain Mail Armor
32:46 Squires
32:08 Pikeman
33:56 Hand Cart
34:13 Crop Rotation
34:54 Chemistry
34:32 Iron Casting
33:53 Bodkin Arrow
34:32 Conscription
35:06 Logistica
34:20 Halberdier
35:51 Scale Barding Armor
36:17 Plate Mail Armor
36:21 Husbandry
35:48 Elite Varangian Guard
37:50 Chain Barding Armor
40:52 Plate Barding Armor
44:49 Bracer
S1lent
12:44 Feudal Age
19:02 Stone Mining
22:16 Castle Age
21:04 Gold Mining
23:53 Scale Barding Armor
24:01 Bloodlines
23:44 Double-Bit Axe
23:41 Horse Collar
24:54 Chain Barding Armor
24:35 Husbandry
35:00 Imperial Age
37:45 Elite Magyar Huszar
38:46 Conscription
39:59 Scale Mail Armor
40:37 Plate Barding Armor
41:02 Bow Saw
40:55 Heavy Plow
47:14 Two-Man Saw
Etheling
0:43 Loom
12:23 Feudal Age
13:02 Horse Collar
13:10 Double-Bit Axe
20:03 Castle Age
18:51 Forging
18:54 Arson
19:16 Gold Mining
19:58 Scale Barding Armor
20:52 Bloodlines
21:18 Husbandry
22:37 Wheelbarrow
22:42 Heavy Plow
23:35 Bow Saw
23:23 Fishing Lines
24:57 Fishing Lines
27:23 Chain Barding Armor
30:02 Iron Casting
29:50 Hand Cart
33:26 Stone Mining
34:13 Gold Shaft Mining
35:41 Caravan
36:12 Coinage
40:09 Imperial Age
38:02 Sanctity
37:55 Fervor
39:46 Masonry
39:57 Ballistics
39:32 Murder Holes
39:01 Elite Skirmisher
39:46 Padded Archer Armor
39:47 Scale Mail Armor
40:36 Gillnets
42:48 Banking
42:29 Guilds
41:49 Cavalier
43:29 Chain Mail Armor
43:51 Plate Barding Armor
44:39 Two-Man Saw
43:36 Capped Ram
45:28 Chemistry
46:35 Blast Furnace
45:51 Leather Archer Armor
45:52 Chain Mail Armor
45:41 Atonement
45:44 Devotion
Connection lost

Rejoining the realm…

Still unreachable

The connection could not be restored.

Session expired

The server has moved on; the page needs a fresh start.